Map: King's Cove LE

Players

LiquidTLO (TLO) - Winner!

  • Race: Zerg Zerg
  • League: Grandmaster
  • Spawn Location: 11:00

liquidthermy (uThermal)

  • Race: Terran Terran
  • Spawn Location: 5:00

Event: HomeStory Cup XIX

VOD

Have the link to the VOD?

Description

Time

  • Played on: June 27, 2019, 3:27 p.m.
  • Length: 12:43

All games in this series

Show
View Real Time Build Order
Export as new Build Order

LiquidTLO Zerg - Winner!

Build Orders: Hatch First 

Get SALT Encoding   

  12  0:00  Drone  
  13  0:12  Overlord  
  13  0:18  Drone  
  14  0:31  Drone x2  
  14  0:34  Drone  
  17  0:53  Hatchery  
  17  0:56  Drone  
  17  1:00  Drone  
  18  1:08  Extractor  
  17  1:15  Spawning Pool  
  16  1:19  Drone  
  16  1:22  Drone  
  18  1:28  Drone  
  19  1:39  Drone  
  20  1:49  Overlord  
  20  2:01  Queen  
  20  2:05  Zergling x4  
  24  2:08  Metabolic Boost  
  24  2:14  Drone  
  25  2:17  Queen  
  25  2:19  Zergling x2  
  25  2:22  Drone  
  29  2:32  Overlord  
  28  2:37  Drone, Queen  
  28  2:38  Drone  
  28  2:43  Drone  
  33  2:51  Drone  
  34  2:53  Queen  
  34  2:56  Drone  
  37  3:01  Drone  
  38  3:06  Overlord  
  38  3:11  Zergling x2  
  38  3:12  Drone  
  39  3:13  Drone  
  39  3:17  Drone  
  41  3:20  Overlord  
  41  3:21  Drone  
  42  3:27  Drone  
  42  3:28  Drone  
  42  3:30  Drone  
  45  3:35  Hatchery  
  45  3:37  Drone  
  45  3:40  Drone  
  46  3:41  Drone  
  46  3:47  Queen  
  49  3:52  Zergling x4  
  51  3:55  Overlord  
  51  3:58  Overlord  
  51  4:00  Overlord  
  51  4:04  Overlord  
  51  4:06  Drone  
  51  4:09  Zergling x2  
  53  4:14  Queen  
  53  4:16  Drone  
  56  4:18  Drone  
  56  4:22  Drone x2  
  59  4:29  Drone x2  
  61  4:35  Drone x2  
  61  4:36  Drone  
  61  4:37  Drone  
  65  4:41  Spore Crawler x2  
  65  4:42  Drone, Spore Crawler  
  65  4:45  Queen, Spore Crawler  
  61  4:48  Drone  
  61  4:49  Drone  
  61  4:51  Drone  
  66  4:53  Drone  
  66  4:56  Overlord  
  66  4:57  Zergling x2  
  66  4:59  Drone  
  69  5:01  Drone  
  69  5:03  Drone  
  69  5:04  Drone  
  69  5:06  Drone  
  73  5:07  Lair  
  73  5:13  Extractor  
  73  5:14  Baneling Nest  
  71  5:16  Drone, Evolution Chamber  
  71  5:17  Drone  
  71  5:18  Drone  
  71  5:19  Drone  
  71  5:20  Drone  
  73  5:26  Drone  
  74  5:28  Overlord  
  74  5:30  Drone  
  74  5:32  Evolution Chamber  
  74  5:33  Drone, Extractor x2  
  74  5:34  Drone x2  
  74  5:35  Drone x2  
  77  5:37  Drone  
  77  5:40  Drone x3  
  81  5:45  Zerg Ground Armor Level 1  
  81  5:53  Drone  
  81  5:55  Zergling x2  
  83  5:57  Burrow  
  83  5:59  Zerg Melee Weapons Level 1  
  83  6:00  Hatchery  
  83  6:01  Zergling x2  
  83  6:02  Baneling  
  83  6:05  Zergling x2  
  83  6:06  Zergling x2  
  83  6:08  Drone  
  83  6:10  Extractor, Overlord  
  85  6:11  Zergling x2  
  85  6:12  Zergling x2  
  85  6:13  Zergling x2  
  85  6:14  Centrifical Hooks  
  85  6:17  Drone x2  
  90  6:20  Drone x3  
  90  6:25  Baneling  
  93  6:26  Zergling x4, Pneumatized Carapace  
  93  6:32  Overlord  
  95  6:33  Drone  
  95  6:34  Overseer  
  96  6:40  Zergling x2  
  96  6:41  Zergling x2  
  96  6:43  Zergling x4  
  96  6:44  Zergling x2, Overlord  
  96  6:45  Overseer  
  99  6:48  Zergling x14, Hydralisk Den  
  103  7:06  Zergling x2  
  103  7:07  Zergling x4  
  106  7:09  Zergling x2  
  106  7:10  Overlord  
  106  7:11  Zergling x2  
  106  7:12  Zergling x8  
  106  7:14  Baneling x2  
  106  7:15  Baneling x10  
  112  7:16  Zergling x2  
  112  7:19  Hatchery  
  112  7:20  Drone, Grooved Spines  
  113  7:23  Drone  
  113  7:25  Zergling x4  
  113  7:27  Zergling x2  
  113  7:28  Zergling x4  
  113  7:29  Zergling x4  
  121  7:32  Baneling  
  121  7:33  Zergling x6  
  121  7:34  Zergling x2  
  125  7:40  Zergling x2  
  125  7:42  Baneling x11  
  125  7:43  Zergling x2  
  126  7:45  Zergling x2  
  126  7:46  Zergling x2  
  126  7:49  Zergling x4  
  130  7:53  Drone  
  130  7:54  Drone  
  131  8:07  Zergling x2  
  131  8:09  Zergling x2  
  127  8:13  Zergling x6  
  127  8:14  Zergling x2  
  127  8:15  Zergling x2  
  127  8:18  Zergling x2  
  127  8:19  Zergling x12  
  135  8:21  Zerg Ground Armor Level 2, Zerg Melee Weapons Level 2  
  135  8:22  Drone  
  135  8:24  Drone x2  
  135  8:25  Drone x2  
  136  8:28  Overlord x2  
  136  8:29  Overlord  
  136  8:31  Muscular Augments  
  136  8:33  Baneling  
  136  8:34  Baneling x7  
  136  8:42  Baneling x9  
  136  8:46  Overlord  
  136  8:51  Baneling x4  
  133  9:00  Zergling x2  
  133  9:01  Zergling x32  
  144  9:06  Zergling x10  
  144  9:07  Baneling x3  
  144  9:09  Hydralisk  
  149  9:13  Hydralisk  
  149  9:14  Overlord  
  149  9:15  Hydralisk  
  153  9:18  Hydralisk  
  153  9:22  Zergling x2  
  141  9:25  Hydralisk x3  
  141  9:27  Hydralisk  
  141  9:28  Zergling x2  
  141  9:30  Zergling x6  
  141  9:33  Zergling x2  
  141  9:35  Hydralisk x2  
  141  9:38  Zergling x2  
  146  9:39  Zergling x2  
  146  9:40  Baneling x2  
  146  9:41  Zergling x4  
  146  9:43  Zergling x2  
  139  9:49  Zergling x4, Hydralisk x2  
  139  9:51  Zergling x2  
  139  9:52  Zergling x2  
  126  9:57  Baneling x5  
  126  9:58  Baneling x4  
  126  10:02  Zergling x2  
  126  10:03  Zergling x8  
  126  10:07  Zergling x2  
  131  10:08  Zergling x2  
  131  10:10  Overlord  
  132  10:15  Infestation Pit  
  132  10:16  Zergling x8  
  135  10:23  Zergling x12  
  135  10:27  Hydralisk x2  
  145  10:29  Zergling x4  
  145  10:32  Hydralisk  
  145  10:33  Zergling x2  
  150  10:37  Zerg Missile Weapons Level 1  
  150  10:38  Hydralisk  
  150  10:40  Hydralisk x2  
  132  10:52  Zergling x24  
  133  10:58  Baneling x2  
  133  11:00  Hydralisk x2  
  133  11:01  Zergling x2  
  133  11:02  Zergling x2  
  133  11:03  Zergling x4  
  136  11:04  Zergling x2  
  136  11:05  Zergling x2  
  125  11:13  Hydralisk x3  
  125  11:15  Hydralisk  
  125  11:16  Hydralisk  
  117  11:19  Zergling x4  
  117  11:20  Drone  
  117  11:21  Baneling x3  
  117  11:22  Drone  
  117  11:23  Zergling x2  
  117  11:25  Hydralisk  
  124  11:27  Zergling x2  
  124  11:32  Hydralisk  
  119  11:36  Zergling x2  
  119  11:37  Zergling x8  
  121  11:42  Infestation Pit, Baneling  
  121  11:43  Baneling x6  
  121  11:45  Zergling x2  
  121  11:51  Zergling x2  
  121  11:52  Zergling x10  
  127  11:56  Zergling x2  
  127  11:57  Zergling x6  
  131  12:03  Zergling x10  
  137  12:08  Zergling x8  
  137  12:10  Baneling  
  137  12:11  Baneling x4  
  140  12:16  Overlord  
  140  12:20  Baneling x12  
  140  12:22  Zergling x4  
  136  12:25  Zergling x2  
  136  12:26  Zergling x2  
Show
View Real Time Build Order
Export as new Build Order

liquidthermy Terran 

Build Orders: Reaper Expand, Hellion Banshee 

Get SALT Encoding   

  12  0:01  SCV  
  13  0:13  SCV  
  14  0:17  Supply Depot  
  14  0:25  SCV  
  15  0:39  SCV  
  15  0:40  Barracks  
  16  0:44  Refinery  
  16  0:51  SCV  
  17  1:03  SCV  
  18  1:15  SCV  
  19  1:27  Orbital Command  
  19  1:31  Reaper  
  20  1:40  Command Center  
  20  1:50  Supply Depot  
  20  1:53  SCV  
  21  2:03  Marine  
  21  2:05  SCV  
  23  2:09  Factory  
  23  2:17  Refinery, SCV  
  24  2:26  Barracks Reactor  
  25  2:30  SCV  
  24  2:42  SCV  
  25  2:53  Orbital Command  
  25  2:54  SCV  
  25  2:58  Starport  
  26  3:05  Hellion x2  
  30  3:06  SCV  
  30  3:08  Barracks Tech Lab  
  31  3:18  SCV  
  32  3:20  SCV  
  32  3:26  Hellion x2  
  37  3:30  SCV  
  37  3:32  SCV  
  39  3:36  Supply Depot  
  39  3:41  Banshee, Cloaking Field  
  39  3:43  SCV  
  39  3:44  SCV  
  39  3:48  Hellion  
  46  3:58  SCV, Hellion  
  46  4:00  SCV  
  49  4:10  Supply Depot  
  49  4:12  SCV x2  
  51  4:23  Command Center  
  51  4:24  Banshee  
  51  4:29  Barracks Tech Lab  
  51  4:31  Factory Reactor  
  54  4:32  SCV x2  
  54  4:33  Supply Depot  
  56  4:44  SCV x2  
  58  4:46  Barracks  
  58  4:47  Barracks, Marine  
  58  4:50  Stimpack  
  59  4:56  SCV x2  
  61  5:00  Engineering Bay  
  61  5:01  Engineering Bay  
  61  5:05  Marine  
  62  5:08  Refinery, SCV  
  62  5:10  Refinery  
  62  5:11  SCV  
  64  5:20  SCV  
  65  5:23  Marine  
  65  5:27  SCV, Starport Reactor  
  67  5:29  Terran Infantry Weapons Level 1, Terran Infantry Armor Level 1  
  67  5:37  Orbital Command  
  67  5:38  Siege Tank  
  67  5:39  Marine x2  
  67  5:41  Marine, SCV  
  74  5:48  Barracks, Marine  
  74  5:49  Barracks  
  75  5:52  SCV  
  75  5:53  SCV  
  75  5:56  Marine, Supply Depot  
  78  5:57  Marine x2  
  78  5:59  Marine  
  81  6:05  Medivac x2  
  81  6:09  Orbital Command  
  85  6:15  Armory  
  85  6:17  Marine x3, SCV, Supply Depot  
  89  6:20  SCV  
  89  6:21  Marine x2  
  92  6:28  Supply Depot  
  92  6:34  SCV  
  92  6:38  Siege Tank, Marine, SCV, Medivac  
  92  6:39  Marine  
  101  6:44  Supply Depot  
  101  6:49  Marine x2, SCV x2  
  107  6:54  Barracks Reactor x2, Supply Depot  
  107  6:55  Combat Shield  
  107  6:56  Marine, SCV  
  107  6:58  Marine  
  107  7:00  Marine  
  109  7:03  SCV  
  109  7:06  SCV  
  109  7:07  Marine  
  111  7:10  Marine  
  111  7:11  Siege Tank, Supply Depot  
  111  7:14  Marine, SCV  
  117  7:21  Barracks, Marine  
  117  7:22  Barracks  
  118  7:23  Marine  
  118  7:24  Barracks, Marine  
  118  7:28  Terran Infantry Weapons Level 2  
  118  7:31  Terran Infantry Armor Level 2  
  118  7:40  Marine, Medivac  
  118  7:42  Marine x2  
  118  7:43  Marine x3  
  123  7:47  Marine, SCV, Supply Depot  
  123  7:50  Supply Depot  
  125  7:53  Terran Vehicle Weapons Level 1  
  125  7:55  Marine x2  
  125  7:58  Marine  
  128  8:00  Marine, Medivac  
  128  8:01  Supply Depot  
  128  8:03  Marine x2  
  133  8:09  Marine  
  130  8:14  Marine, Medivac  
  130  8:15  Marine x4  
  130  8:18  Missile Turret  
  134  8:21  Marine x2  
  136  8:32  Supply Depot  
  136  8:33  Supply Depot  
  136  8:53  Marine x5  
  136  8:54  Marine x7  
  148  8:57  Supply Depot  
  142  9:17  Supply Depot  
  142  9:18  Orbital Command, Supply Depot  
  128  9:26  Supply Depot  
  128  9:27  Supply Depot  
  121  9:39  Marine x4  
  121  9:45  Marine x3  
  125  9:46  Marine  
  125  9:47  Marine x4, Medivac  
  125  9:48  Siege Tank  
  112  9:57  Marine x4  
  116  10:03  Marine x3  
  116  10:05  Marine  
  120  10:08  Marine, SCV x3  
  120  10:09  Marine x2  
  120  10:12  Marine  
  127  10:14  Marine  
  127  10:15  Marine x2  
  127  10:16  Marine  
  127  10:20  Siege Tank  
  134  10:22  Marine  
  134  10:23  SCV, Supply Depot  
  136  10:30  Marine x2  
  130  10:47  Marine x2  
  130  10:48  Marine  
  107  10:51  Marine  
  107  10:52  Siege Tank, Marine  
  107  10:55  Marine x6  
  109  10:58  Marine  
  105  11:05  Marine  
  105  11:10  Medivac  
  101  11:11  Marine, Medivac  
  101  11:12  Marine x3  
  101  11:13  Marine  
  101  11:18  Marine x2  
  84  11:19  Marine  
  84  11:21  Marine  
  84  11:25  Marine  
  78  11:34  Marine  
  78  11:35  Marine  
  78  11:38  Marine x2  
  78  11:39  Marine x2  
  80  11:43  Siege Tank  
  80  11:46  Marine  
  84  11:47  Marine  
  84  11:48  Marine  
  84  11:49  Marine  
  84  11:52  Marine  
  88  11:54  Marine  
  88  11:59  Marine  
  88  12:00  Marine x3  
  93  12:03  Marine  
  93  12:06  Marine x2  
  95  12:22  Marine x7  
  101  12:23  Marine  
Tags
 
Add a new tag
Caveats
  • Supply blocks, unpowered buildings, or Contaminate may cause inaccurate times.
  • Supply counts are checked every 10 seconds.